 Dungeon Crawl Stone Soup version 0.27-a0-1065-ge809cff456 (webtiles) character file.

Game seed: 10413853254900726934

3243 siradein the Fighter (level 9, 0/83 HPs)
             Began as a Minotaur Fighter on Apr 22, 2021.
             Was a Follower of Uskayaw.
             Slain by a two-headed ogre
             ... wielding a +0 giant spiked club
              (13 damage)
             ... on level 8 of the Dungeon on Apr 23, 2021.
             The game lasted 00:18:02 (10085 turns).

siradein the Fighter (Minotaur Fighter)            Turns: 10085, Time: 00:18:03

Health: 0/83       AC: 12    Str: 21    XL:     9   Next: 67%
Magic:  8/8        EV:  7    Int:  5    God:    Uskayaw [*.....]
Gold:   487        SH: 11    Dex: 13    Spells: 8/8 levels left

rFire    + . .     SeeInvis .   a - +1 long sword
rCold    x . .     Faith    .   c - +0 kite shield
rNeg     . . .     Spirit   .   m - +0 chain mail
rPois    .         Reflect  .   (helmet restricted)
rElec    .         Harm     .   s - +0 cloak
rCorr    .         Rampage  .   (no gloves)
Will     .....                  (no boots)
Stlth    ..........             (no amulet)
HPRegen  0.23/turn              E - ring of fire
MPRegen  0.11/turn              (no ring)

@: no status effects
A: horns 2, retaliatory headbutt
a: Renounce Religion, Stomp


You were on level 8 of the Dungeon.
You worshipped Uskayaw.
Uskayaw was noncommittal.
You visited 2 branches of the dungeon, and saw 9 of its levels.

You collected 487 gold pieces.

Inventory:

Hand Weapons
 a - a +1 long sword (weapon)
Missiles
 b - 16 poisoned darts (quivered)
 x - a throwing net
 z - 4 curare-tipped darts
Armour
 c - a +0 kite shield (worn)
 m - a +0 chain mail (worn)
 s - a +0 cloak (worn)
Jewellery
 E - a ring of fire (left hand)
Wands
 p - a wand of flame (17)
 A - a wand of paralysis (13)
 B - a wand of digging (7)
 C - a wand of mindburst (10)
 F - a wand of acid (10)
Scrolls
 e - 2 scrolls of blinking {unknown}
 h - a scroll of enchant weapon
 j - 2 scrolls of teleportation
 k - a scroll of immolation {unknown}
 l - 4 scrolls of vulnerability
 n - 2 scrolls of silence {unknown}
 q - a scroll of fear {unknown}
 r - 3 scrolls of summoning {unknown}
 t - 3 scrolls of noise {unknown}
 v - a scroll of fog
 w - a scroll of enchant armour
 y - a scroll of holy word {unknown}
Potions
 d - a potion of might
 f - 2 potions of brilliance
 g - a potion of ambrosia
 i - 3 potions of lignification
 o - a potion of curing
 u - a potion of magic
 D - 2 potions of heal wounds


   Skills:
 + Level 9.1 Fighting
 + Level 8.5 Long Blades
 + Level 9.0 Armour
 + Level 9.0 Shields


You had 8 spell levels left.
You didn't know any spells.
Your spell library contained the following spells:

 Spells                   Type           Power      Damage    Failure   Level
 Freeze                   Ice            0%         1d3       100%        1
 Magic Dart               Conj           0%         1d3       100%        1
 Sandblast                Erth           0%         2d4       100%        1
 Sting                    Tmut/Pois      0%         1d3       100%        1
 Passwall                 Tmut/Erth      0%         N/A       100%        2
 Poisonous Vapours        Pois/Air       0%         N/A       100%        2
 Searing Ray              Conj           0%         3d3       100%        2
 Dazzling Flash           Conj/Hex       0%         N/A       100%        3
 Frozen Ramparts          Ice            0%         1d2       100%        3
 Gell's Gravitas          Tloc           0%         N/A       100%        3
 Ignite Poison            Fire/Tmut/Pois 0%         N/A       100%        3
 Mephitic Cloud           Conj/Pois/Air  0%         N/A       100%        3
 Ozocubu's Armour         Ice            0%         N/A       100%        3
 Portal Projectile        Hex/Tloc       0%         N/A       100%        3
 Stone Arrow              Conj/Erth      0%         3d7       100%        3
 Fulminant Prism          Conj/Hex       0%         3d6       100%        4
 Hailstorm                Conj/Ice       0%         3d3       100%        4
 Iskenderun's Mystic Bla  Conj/Tloc      0%         2d3       100%        4
 Olgreb's Toxic Radiance  Pois           0%         N/A       100%        4
 Passage of Golubria      Tloc           N/A        N/A       100%        4
 Petrify                  Tmut/Erth      0%         N/A       100%        4
 Lee's Rapid Deconstruct  Erth           0%         3d5*      100%        5
 Manifold Assault         Tloc           0%         N/A       100%        5
 Metabolic Englaciation   Hex/Ice        0%         N/A       100%        5
 Dispersal                Tloc           0%         N/A       100%        6
 Disjunction              Tloc           0%         N/A       100%        8


Dungeon Overview and Level Annotations

Branches:
Dungeon (8/15)             Temple (1/1) D:6
   Lair: D:8-11

Altars:
Ashenzari
Cheibriados
Dithmenos
Elyvilon
Fedhas
Gozag
Hepliaklqana
Kikubaaqudgha
Makhleb
Nemelex Xobeh
Okawaru
Qazlal
Sif Muna
Trog
Uskayaw
Vehumet
Wu Jian
Xom
Zin
The Shining One

Shops:
D:3 ?*


Innate Abilities, Weirdness & Mutations

You have a pair of horns on your head.
You reflexively headbutt those who attack you in melee.


Message History

Found a long sword.
l - 4 scrolls of vulnerability (gained 1)
D - 2 potions of heal wounds (gained 1)
You now have 404 gold pieces (gained 11).
You now have 423 gold pieces (gained 19).
You now have 430 gold pieces (gained 7).
You now have 441 gold pieces (gained 11).
Found a book of Conjurations.
You see here a +0 long sword.
Found a club.
You now have 458 gold pieces (gained 17).
n - 2 scrolls labelled REMENO VAOGU (gained 1)
Found 23 arrows.
Found an escape hatch in the ceiling.
F - a wand of acid (10)
Found an escape hatch in the floor.
You now have 467 gold pieces (gained 9).
You now have 479 gold pieces (gained 12).
You now have 487 gold pieces (gained 8).
A two-headed ogre is nearby!
Found a stone staircase leading down.
A two-headed ogre is nearby!
The two-headed ogre shouts in stereo!
You slash the two-headed ogre!
The two-headed ogre is moderately wounded.
The two-headed ogre hits you with a +0 giant spiked club!!
The two-headed ogre hits you with a +0 giant spiked club!
The two-headed ogre hits you with a +0 giant spiked club!
You block the two-headed ogre's attack.
You hit the two-headed ogre.
Your headbutt misses the two-headed ogre.
The two-headed ogre is moderately wounded.
The two-headed ogre hits you with a +0 giant spiked club!
The two-headed ogre hits you with a +0 giant spiked club.
The two-headed ogre hits you with a +0 giant spiked club!
* * * LOW HITPOINT WARNING * * *
The two-headed ogre hits you with a +0 giant spiked club!
* * * LOW HITPOINT WARNING * * *
There is a stone staircase leading up here.
The two-headed ogre hits you with a +0 giant spiked club!
You die...

#.#........#
#.#........#
#.#.##....##
#.#.#####.#
#.#.#.....#
#.#.....######
#.###.#.##...#
#.......##...#
#####.###...@#
#.# #..O.# #.#
#....# #.#
#.#### #.# #.#
#.# #.#
#.###.#
#.....#
#######


You could see a two-headed ogre.

Vanquished Creatures
  A hornet (D:8)
  4 yaks (D:6)
  A basilisk (D:8)
  2 acid dragons
  A water moccasin (D:7)
  2 sky beasts
  An ice beast (D:5)
  A black bear (D:5)
  3 ogres
  A necrophage (D:5)
  A phantom (D:5)
  A gnoll sergeant (D:5)
  3 scorpions
  2 wyvern zombies (D:7)
  3 howler monkeys (D:8)
  A crimson imp (D:4)
  A jelly (D:6)
  A hound (D:2)
  A centaur zombie (D:7)
  An orc priest (D:7)
  5 iguanas
  4 orc wizards
  Natasha (thrice) (D:2)
  A hound skeleton (D:4)
  Robin (D:3)
  10 gnolls
  3 adders
  A white imp (D:6)
  An ufetubus (D:4)
  A worm (D:4)
  A dart slug (D:1)
  25 orcs
  10 endoplasms
  6 giant cockroaches
  20 goblins
  9 hobgoblins
  8 jackals
  2 kobolds (D:1)
  3 quokkas
  5 ball pythons
  5 bats
  A frilled lizard (D:2)
  6 rats
163 creatures vanquished.

Notes
Turn   | Place    | Note
-------+----------+-------------------------------------------
     0 | D:1      | siradein the Minotaur Fighter began the quest for the Orb.
     0 | D:1      | Reached XP level 1. HP: 19/19 MP: 0/0
    40 | D:1      | Reached XP level 2. HP: 10/27 MP: 1/1
   644 | D:1      | Reached XP level 3. HP: 33/33 MP: 2/2
  1269 | D:2      | Found an iron altar of Okawaru.
  1369 | D:2      | Reached XP level 4. HP: 34/41 MP: 3/3
  1720 | D:2      | Found a faded altar of an unknown god.
  2040 | D:3      | Noticed Natasha
  2065 | D:2      | Killed Natasha
  2066 | D:2      | Reached XP level 5. HP: 12/47 MP: 4/4
  2084 | D:2      | Noticed Natasha
  2093 | D:2      | Killed Natasha
  2368 | D:2      | Noticed Natasha
  2372 | D:2      | Killed Natasha
  2402 | D:3      | Found Boshrac's Magic Scroll Shoppe.
  2556 | D:3      | Reached skill level 5 in Fighting
  2556 | D:3      | Reached skill level 5 in Shields
  2596 | D:3      | Noticed Robin
  2597 | D:3      | Found an opulent altar of Gozag.
  2599 | D:3      | Killed Robin
  2600 | D:3      | Reached skill level 5 in Armour
  2614 | D:3      | Found Gozag's Platinum Reserve.
  3127 | D:3      | Reached XP level 6. HP: 47/56 MP: 5/5
  3490 | D:4      | Noticed an acid dragon
  4310 | D:3      | Reached skill level 5 in Long Blades
  4310 | D:3      | Reached XP level 7. HP: 10/62 MP: 6/6
  5219 | D:4      | Found a burning altar of Makhleb.
  5220 | D:4      | Found a radiant altar of Vehumet.
  5254 | D:5      | Entered Level 5 of the Dungeon
  5724 | D:5      | Reached XP level 8. HP: 38/71 MP: 7/7
  6899 | D:6      | Found a staircase to the Ecumenical Temple.
  6908 | Temple   | Entered the Ecumenical Temple
  7056 | Temple   | Became a worshipper of Uskayaw the Reveller
  7080 | D:6      | Reached * piety under Uskayaw
  7086 | D:6      | Reached ** piety under Uskayaw
  7174 | D:6      | Found a bloodstained altar of Trog.
  7235 | D:6      | Reached *** piety under Uskayaw
  7246 | D:6      | Reached **** piety under Uskayaw
  7250 | D:6      | Reached XP level 9. HP: 47/81 MP: 8/8
  9018 | D:8      | Noticed a two-headed ogre
  9457 | D:8      | Paralysed by a hornet for 3 turns
  9467 | D:8      | Paralysed by a hornet for 3 turns
  9469 | D:8      | HP: 2/82 [hornet (4)]
 10085 | D:8      | Slain by a two-headed ogre

Illustrated notes

Levels and vault maps discovered:
D:1:      ncdulo_halloftheorcs, layout_basic, minmay_misc_feat_pillars,
          minmay_tetromino_i4
D:2:      layout_basic, basic_ecumenical_altar, basic_altar,
          minmay_misc_feat_encased, wad_floor_pattern_1
D:3:      layout_basic, nicolae_gozag_zags_fifth_avenue, serial_shops, shop,
          minmay_vboxes, uniq_natasha, uniq_robin
D:4:      layout_rooms, grunt_temple_overflow_lords_of_destruction,
          minmay_misc_feat_cross, columned_hall_lemuel, minmay_checkerbox
D:5:      layout_loops_ring
D:6:      layout_rooms, nicolae_overflow_hidden_temple,
          minmay_temple_entry_antechambers
D:7:      layout_basic
D:8:      layout_basic, gammafunk_ghost_nasty_kobolds
Temple:   eino_temple_rhombus

Skill      XL: |  1  2  3  4  5  6  7  8  9 |
---------------+----------------------------+-----
Shields        | 4 5 6 8 9 |  9.0
Fighting       | 4 5 6 8 9 |  9.1
Armour         | 4 5 6 8 9 |  9.0
Long Blades    | 3 4 5 6 7 8 |  8.5

Action                   |  1- 3 |  4- 6 |  7- 9 || total
-------------------------+-------+-------+-------++-------
Melee: Long sword        |    91 |   157 |   272 ||   520
       Headbutt          |    13 |    21 |    65 ||    99
Invok: Line Pass         |       |       |     4 ||     4
  Use: Scroll            |       |     2 |     8 ||    10
       Potion            |       |     3 |     2 ||     5
 Stab: Paralysed         |       |       |     2 ||     2
Armor: Scale mail        |    39 |       |       ||    39
       Chain mail        |     7 |   102 |   113 ||   222
Dodge: Dodged            |    23 |    33 |    53 ||   109
Block: Kite shield       |    50 |   103 |   147 ||   300
       Rpst.: Long sword |     5 |     8 |    10 ||    23

Table legend: (Time is in decaauts)
 A = Elapsed time spent in this place.
 B = Non-inter-level travel time spent in this place.
 C = Inter-level travel time spent in this place.
 D = Time resting spent in this place.
 E = Time spent auto-exploring this place.
 F = Levels seen in this place.
 G = Mean time per level.
                   A        B        C        D        E       F      G
               +--------+--------+--------+--------+--------+-----+--------+
         Total |  10281 |  10129 |    152 |   2583 |   5732 |   9 | 1142.3 |
       Dungeon |  10117 |   9965 |    152 |   2583 |   5595 |   8 | 1264.6 |
        Temple |    163 |    163 |      0 |      0 |    137 |   1 |  163.0 |
               +--------+--------+--------+--------+--------+-----+--------+

Top non-repeatable levels by time:
     D:3: 1967 daAuts
     D:5: 1406 daAuts
     D:2: 1260 daAuts
     D:1: 1249 daAuts
     D:6: 1142 daAuts
     D:7: 1050 daAuts
     D:4: 1024 daAuts
     D:8: 1014 daAuts
  Temple: 163 daAuts
